 Dungeon Crawl Stone Soup version 0.29.1-12-g30fa7ad0bf (webtiles) character file.

Game seed: 7813745982141669812

81516 Radix the Severer (level 15, -5/120 (146) HPs)
             Began as a Minotaur Berserker on Jan 8, 2023.
             Was a High Priest of Trog.
             Killed by divine providence
             ... invoked by a balrug
             ... summoned by Asterion
              (9 damage)
             ... on level 1 of the Elven Halls on Jan 10, 2023.
             The game lasted 01:59:32 (15623 turns).

Radix the Severer (Minotaur Berserker)             Turns: 15623, Time: 01:59:32

HP:   -5/120 (146)  AC: 22    Str: 35    XL:     15   Next: 26%
MP:   18/18         EV: 18    Int:  4    God:    Trog [*****.]
Gold: 1914          SH:  0    Dex: 25    Spells: 14/14 levels left

rFire   + . .      SeeInvis +   V - +6 battleaxe of Spite {vorpal, rElec Dex+7}
rCold   + . .      Faith    .   (shield currently unavailable)
rNeg    . . .      Spirit   .   Z - +2 plate armour
rPois   .          Reflect  .   (helmet restricted)
rElec   +          Harm     .   L - scarf {rC+ rF+}
rCorr   +          Rampage  +   W - +0 pair of gloves
Will    +++..                   j - +2 pair of boots {rampage}
Stlth   ..........              d - amulet of regeneration
HPRegen 2.10/turn               A - ring "Fuimieku" {Drain rCorr Str+4 SInv}
MPRegen 0.16/turn               a - ring of the Freezing Madman {Str+4 Dex+6}

@: mighty, strong-willed, regenerating, heavily drained
A: horns 2, retaliatory headbutt
a: Renounce Religion, Berserk, Trog's Hand, Brothers in Arms


You were on level 1 of the Elven Halls.
You worshipped Trog.
Trog was extremely pleased with you.
You visited 4 branches of the dungeon, and saw 18 of its levels.
You also visited: Ice Cave.

You collected 2626 gold pieces.
You spent 712 gold pieces at shops.

Inventory:

Hand Weapons
 b - a +2 antimagic executioner's axe
 c - a +1 antimagic executioner's axe
 s - a +5 war axe
 B - a +2 broad axe of freezing
 P - the +7 battleaxe of Ysaodas {flame, +Blink rElec rF- rC-}
   (Trog gifted it to you on level 2 of the Orcish Mines)

   It burns those it strikes, dealing additional fire damage.
   Big, fiery blades are also staple armaments of hydra-hunters.
   rF:        It makes you vulnerable to fire.
   rC:        It makes you vulnerable to cold.
   rElec:     It insulates you from electricity.
   +Blink:    It lets you blink.
 V - the +6 battleaxe of Spite (weapon) {vorpal, rElec Dex+7}
   (Trog gifted it to you on level 3 of the Lair of Beasts)

   It inflicts extra damage upon your enemies.
   Dex:       It affects your dexterity (+7).
   rElec:     It insulates you from electricity.
Missiles
 q - 3 throwing nets
 r - 9 poisoned darts
 t - a curare-tipped dart
 x - 19 boomerangs
Armour
 j - a +2 pair of boots of rampaging (worn)
 m - a scarf of invisibility
 o - a +1 tower shield of cold resistance
 p - a +1 scale mail of cold resistance
 L - a scarf of resistance (worn)
 M - a +2 buckler
 T - a +0 cloak
 W - a +0 pair of gloves (worn)
 Z - a +2 plate armour (worn)
Jewellery
 a - the ring of the Freezing Madman (right hand) {Str+4 Dex+6}
   (You found it on level 5 of the Lair of Beasts)

   [ring of dexterity]

   Str:       It affects your strength (+4).
   Dex:       It affects your dexterity (+6).
 d - an amulet of regeneration (around neck)
 w - a +6 ring of dexterity
 y - a ring of see invisible
 A - the ring "Fuimieku" (left hand) {Drain rCorr Str+4 SInv}
   (You found it in an ice cave)

   [ring of see invisible]

   Str:       It affects your strength (+4).
   SInv:      It lets you see invisible.
   rCorr:     It protects you from acid and corrosion.
   Drain:     It drains your maximum health when unequipped.
 C - a ring of positive energy
Wands
 f - a wand of digging (6)
 G - a wand of flame (26) (quivered)
 H - a wand of roots (12)
 O - a wand of paralysis (18)
 Q - a wand of polymorph (10)
Scrolls
 e - 4 scrolls of butterflies
 i - 2 scrolls of immolation
 n - 2 scrolls of summoning
 v - 2 scrolls of enchant armour
 D - a scroll of fear
 R - 3 scrolls of teleportation
Potions
 g - 4 potions of flight
 h - 11 potions of curing
 k - 2 potions of magic
 l - 5 potions of might
 u - 3 potions of invisibility
 z - 4 potions of cancellation
 E - 2 potions of haste
 I - a potion of resistance
Miscellaneous
 J - a box of beasts


   Skills:
 + Level 16.9 Fighting
 + Level 17.0 Axes
 + Level 4.1 Throwing
 + Level 12.8 Armour
 + Level 11.8 Dodging
 + Level 5.6 Invocations
 + Level 9.5 Evocations


You had 14 spell levels left.
You didn't know any spells.
Your spell library was empty.

Dungeon Overview and Level Annotations

Branches:
Dungeon (10/15)            Temple (0/1) D:7            Lair (5/5) D:10
 Shoals (0/4) Lair:3        Snake (0/4) Lair:3        Slime (0/5) Lair:5
    Orc (2/2) D:9             Elf (1/3) Orc:2         IceCv (visited)

Altars:
Ashenzari
Elyvilon
Makhleb
Nemelex Xobeh
Qazlal
Ru
Trog
Vehumet
Zin

Shops:
D:1 =(   D:5 ?*   Orc:2 (*?[*(=

Annotations:
Lair:5 exclusion: 5 oklob plants
Elf:1 Asterion


Innate Abilities, Weirdness & Mutations

You have a pair of horns on your head.
You reflexively headbutt those who attack you in melee.


Message History

You slice the balrug!!
You kill the balrug!
The balrug disappears in a puff of smoke!
You are covered in liquid flames!
Asterion closely misses you. Asterion misses you.
You slash Asterion!
Asterion is moderately wounded.
You are covered in liquid flames!
Asterion hits you but does no damage.
You feel drained. Asterion gores you but does no damage.
Asterion barely misses you. Asterion misses you. Asterion blocks your attack.
Asterion is moderately wounded.
You are covered in liquid flames!
Asterion mumbles some strange prayers to Makhleb.
Asterion blocks your attack. x2
Asterion is moderately wounded.
You are covered in liquid flames!
Asterion barely misses you. Asterion gores you but does no damage.
Asterion blocks your attack.
Asterion is moderately wounded.
You are covered in liquid flames!
Asterion says, "Your corpse will decorate my castle walls."
Asterion misses you. You furiously retaliate!
You headbutt Asterion. Asterion misses you.
You slice Asterion!!
Asterion is heavily wounded.
Asterion hits you with a +1 demon blade of draining!!
You feel drained. Asterion gores you but does no damage.
Asterion barely misses you. Asterion gores you!
As you read the scroll of butterflies, it crumbles to dust.
You hear the tinkle of a tiny bell.
Asterion hits you with a +1 demon blade of draining!!
* * * LOW HITPOINT WARNING * * *
You feel drained.
* * * LOW HITPOINT WARNING * * *
Asterion gores you but does no damage. The balrug gestures at you.
Makhleb smites you!
You die...

#...)# ####.).######.###.###.
#....#####..)#.#...##.........#
#..#.#...#...))).).##........##
##...#.#.#(.)#.#...#######..##
##'##...####.))##### #.##
#....#....#...#...# ###..##
#.#.###.#.'bbb#.#.# #.....##
#....#....##b##...#####.....#
####...##'##@bb.#....##....#.
#.#.#..2Hb#b###.#.##..#.##
#...#..b#bb..#..))##.###..
#####...####...##'#.# ##)
#...#.#...#.#.#...## ##
#.........#...#.#..## ##)
#...#.#...#####.....###..
#####...#### #..#.#.#.##
##...#...# ##.##.#..# #


You could see Asterion (fast, ally target) and a balrug (summoned, ally target).

Vanquished Creatures
  Nikola (Elf:1)
  An orc warlord (Orc:1)
  A stone giant (Orc:1)
  The ghost of Unforgiven the Marksoctopus, a journeyman OpHu of Dithmenos (Lair:5)
  A dire elephant (Lair:5)
  An ettin (Orc:1)
  6 hydras
  A merfolk avatar (Lair:5)
  A catoblepas (Lair:2)
  2 two-headed ogres
  4 dancing weapons (Elf:1)
  4 orc high priests
  5 death yaks (IceCv)
  4 deep elf knights (Elf:1)
  An orange crystal statue (Lair:5)
  2 sea snakes (Lair:5)
  A lindwurm (Lair:5)
  A harpy (shapeshifter) (Elf:1)
  11 deep elf zephyrmancers (Elf:1)
  3 deep elf archers (Elf:1)
  6 deep elf pyromancers (Elf:1)
  7 orc knights
  6 orc sorcerers
  Pikel (D:7)
  7 elephants
  Joseph (D:10)
  3 black mambas
  An ice statue (IceCv)
  6 cane toads
  4 komodo dragons
  5 rime drakes
  A troll (Orc:1)
  16 polar bears
  3 wind drakes (Lair:5)
  7 dream sheep (Lair:5)
  2 hornets (Lair:5)
  11 blink frogs
  3 snapping turtles
  An air elemental (Elf:1)
  A water elemental (Elf:1)
  A wraith (D:9)
  6 wyverns
  A spriggan (Lair:2)
  A fire elemental (Elf:1)
  55 yaks
  2 basilisks
  Menkaure (D:7)
  2 steam dragons
  2 nagas (Lair:3)
  Edmund (D:5)
  A warg (Orc:1)
  14 water moccasins
  26 orc warriors
  3 black bears
  3 ice beasts
  2 ogres
  37 wolves
  3 centaurs
  A kobold brigand (D:7)
  7 bullfrogs
  3 earth elementals (Elf:1)
  3 scorpions
  3 necrophages
  19 wights
  18 killer bees
  5 electric eels
  A howler monkey (D:5)
  A lava snake (Lair:5)
  A crimson imp (D:8)
  3 hounds
  3 jellies
  21 orc priests
  3 gnoll boudas
  4 iguanas
  30 orc wizards
  4 hell rats (Lair:5)
  19 gnolls
  6 adders
  2 shadow imps
  14 white imps
  4 dart slugs
  67 orcs
  4 bats
  4 endoplasms
  4 giant cockroaches
  4 goblins
  2 hobgoblins
  3 jackals (D:2)
  8 kobolds
  4 quokkas
  3 ball pythons
  A frilled lizard (D:1)
  4 rats
  3 bushes (Lair:5)
591 creatures vanquished.

Vanquished Creatures (collateral kills)
  A hydra (Lair:5)
  2 ironbound frosthearts (IceCv)
  A two-headed ogre (Orc:1)
  A death yak (IceCv)
  A rime drake (Lair:5)
  2 polar bears (IceCv)
  A blink frog (Lair:5)
  A yak (Lair:5)
  An orc priest (Orc:1)
  3 orc wizards
14 creatures vanquished.

Vanquished Creatures (others)
  A deep elf pyromancer (Elf:1)
  A fire elemental (Elf:1)
  2 lava snakes (Lair:5)
  An orc priest (Orc:2)
  41 fungi
  64 plants
110 creatures vanquished.

Grand Total: 715 creatures vanquished

Notes
Turn   | Place    | Note
-------+----------+-------------------------------------------
     0 | D:1      | Radix the Minotaur Berserker began the quest for the Orb.
     0 | D:1      | Reached XP level 1. HP: 19/19 MP: 0/0
    79 | D:1      | Reached skill level 4 in Axes
    79 | D:1      | Reached XP level 2. HP: 25/27 MP: 1/1
   123 | D:1      | Found Inoirof's Weapon Boutique.
   316 | D:1      | Found Eklatseo's Jewellery Shop.
   462 | D:2      | Found a faded altar of an unknown god.
   638 | D:2      | Reached XP level 3. HP: 34/34 MP: 2/2
   646 | D:2      | Found a glowing silver altar of Zin.
  1527 | D:3      | Reached ** piety under Trog
  1742 | D:4      | Noticed a scorpion
  1757 | D:4      | Killed a scorpion
  1758 | D:4      | Reached skill level 5 in Fighting
  1758 | D:4      | Reached skill level 5 in Axes
  1758 | D:4      | Reached XP level 4. HP: 42/42 MP: 3/3
  1860 | D:4      | Noticed a scorpion
  1870 | D:4      | Killed a scorpion
  1871 | D:4      | Reached XP level 5. HP: 50/50 MP: 4/4
  1981 | D:4      | Reached skill level 6 in Axes
  2066 | D:4      | Found a sparkling altar of Nemelex Xobeh.
  2239 | D:4      | Reached XP level 6. HP: 55/57 MP: 5/5
  2334 | D:5      | Entered Level 5 of the Dungeon
  2334 | D:5      | Found Agimuc's General Store.
  2388 | D:5      | Bought a potion of invisibility for 96 gold pieces
  2388 | D:5      | Bought a scroll of identify for 24 gold pieces
  2479 | D:5      | Reached skill level 7 in Axes
  2514 | D:5      | Found Jijo's Magic Scroll Boutique.
  2519 | D:5      | Bought a scroll of brand weapon for 133 gold pieces
  2519 | D:5      | Bought a scroll of identify for 28 gold pieces
  2704 | D:5      | Reached XP level 7. HP: 66/66 MP: 6/6
  2801 | D:5      | Noticed Edmund
  2812 | D:5      | Killed Edmund
  3385 | D:6      | Reached skill level 8 in Axes
  3390 | D:6      | Noticed a steam dragon
  3397 | D:6      | Killed a steam dragon
  3464 | D:6      | Found a bloodstained altar of Trog.
  3503 | D:6      | Found a stormy altar of Qazlal.
  3508 | D:6      | Reached XP level 8. HP: 30/75 MP: 7/7
  3525 | D:6      | Found a sacrificial altar of Ru.
  3604 | D:6      | Reached skill level 9 in Axes
  3685 | D:6      | Reached *** piety under Trog
  4268 | D:7      | Reached skill level 10 in Fighting
  4268 | D:7      | Reached skill level 10 in Axes
  4444 | D:7      | Reached XP level 9. HP: 47/81 MP: 8/8
  4559 | D:7      | Reached skill level 11 in Axes
  4642 | D:7      | Found a broken altar of Ashenzari.
  4643 | D:7      | Found a glowing silver altar of Zin.
  4645 | D:7      | Found a white marble altar of Elyvilon.
  4745 | D:7      | Noticed Menkaure
  4750 | D:7      | Killed Menkaure
  4865 | D:7      | Noticed Pikel
  4872 | D:7      | Killed Pikel
  5096 | D:7      | Reached skill level 12 in Axes
  5223 | D:7      | Found a staircase to the Ecumenical Temple.
  5377 | D:8      | Reached **** piety under Trog
  5711 | D:8      | Found a burning altar of Makhleb.
  5840 | D:8      | Reached XP level 10. HP: 99/99 MP: 9/9
  5858 | D:8      | Reached skill level 1 in Evocations
  6305 | D:9      | Found a staircase to the Orcish Mines.
  6318 | D:9      | Reached skill level 5 in Armour
  6466 | D:9      | Reached skill level 13 in Axes
  6491 | D:9      | Reached skill level 5 in Dodging
  6858 | D:10     | Entered Level 10 of the Dungeon
  6900 | D:10     | Found a staircase to the Lair.
  6966 | D:10     | Reached XP level 11. HP: 56/107 MP: 10/10
  7286 | D:10     | Reached ***** piety under Trog
  7421 | D:10     | Noticed Joseph
  7428 | D:10     | Killed Joseph
  7771 | Lair:1   | Entered Level 1 of the Lair of Beasts
  8626 | Lair:2   | Noticed an eight-headed hydra
  8633 | Lair:2   | Reached skill level 5 in Evocations
  8638 | Lair:2   | Reached skill level 14 in Axes
  8640 | Lair:2   | Killed a five-headed hydra
  8824 | Lair:2   | Reached XP level 12. HP: 117/117 MP: 11/11
  8958 | Lair:2   | Noticed a catoblepas
  8974 | Lair:2   | Killed a catoblepas
  9793 | Lair:3   | Found a staircase to the Snake Pit.
 10009 | Lair:3   | Identified the +6 battleaxe of Spite {vorpal, rElec Dex+7}
                  | (Trog gifted it to you on level 3 of the Lair of Beasts)
 10009 | Lair:3   | Received a gift from Trog
 10074 | Lair:3   | Noticed a five-headed hydra
 10080 | Lair:3   | Killed an eight-headed hydra
 10308 | Lair:3   | Found a staircase to the Shoals.
 10882 | Lair:4   | Noticed a five-headed hydra
 10901 | Lair:4   | Killed an 11-headed hydra
 11362 | Lair:5   | Entered Level 5 of the Lair of Beasts
 11362 | Lair:5   | Noticed a six-headed hydra
 11371 | Lair:5   | Reached skill level 15 in Axes
 11372 | Lair:5   | Reached skill level 15 in Fighting
 11372 | Lair:5   | Killed an eight-headed hydra
 11415 | Lair:5   | Noticed a five-headed hydra
 11428 | Lair:5   | Killed a ten-headed hydra
 11554 | Lair:5   | Reached XP level 13. HP: 111/126 MP: 12/12
 11649 | Lair:5   | Reached skill level 10 in Armour
 11838 | Lair:5   | Noticed a dire elephant
 11846 | Lair:5   | Killed a dire elephant
 11849 | Lair:5   | Paralysed by a hornet for 2 turns
 11992 | Lair:5   | Identified the +7 hand axe of Jozumoga {vorpal, *Rage rElec
                  | Int+2}
 12179 | Lair:5   | Found a runed translucent door.
 12246 | Lair:5   | Noticed Unforgiven's ghost (journeyman OpHu)
 12262 | Lair:5   | Killed Unforgiven's ghost
 12299 | Lair:5   | Reached skill level 10 in Dodging
 12548 | Lair:5   | Found a staircase to the Slime Pits.
 12641 | Lair:5   | Identified the ring of the Freezing Madman {Str+4 Dex+6}
 13081 | Orc:1    | Entered Level 1 of the Orcish Mines
 13083 | Orc:1    | Noticed an ettin
 13084 | Orc:1    | Received a gift from Trog
 13098 | Orc:1    | Killed an ettin
 13099 | Orc:1    | Reached skill level 1 in Invocations
 13146 | Orc:1    | Found a frozen archway.
 13196 | IceCv    | Entered an ice cave
 13270 | IceCv    | Reached skill level 16 in Axes
 13442 | IceCv    | Reached XP level 14. HP: 127/137 MP: 14/14
 13601 | IceCv    | Received a gift from Trog
 13655 | IceCv    | Identified the ring "Fuimieku" {Drain rCorr Str+4 SInv}
 13811 | Orc:1    | Noticed a stone giant
 13812 | Orc:1    | Noticed an orc warlord
 13882 | Orc:1    | Found a transporter.
 13986 | Orc:1    | Found a transporter.
 14006 | Orc:1    | Killed an orc warlord
 14012 | Orc:1    | Reached skill level 1 in Throwing
 14014 | Orc:1    | Killed a stone giant
 14272 | Orc:2    | Entered Level 2 of the Orcish Mines
 14272 | Orc:2    | Found Jeomum's General Store.
 14295 | Orc:2    | Found Uloig's Magic Scroll Emporium.
 14300 | Orc:2    | Paralysed by an orc sorcerer for 4 turns
 14351 | Orc:2    | Identified the +7 battleaxe of Ysaodas {flame, +Blink rElec
                  | rF- rC-} (Trog gifted it to you on level 2 of the Orcish
                  | Mines)
 14351 | Orc:2    | Received a gift from Trog
 14424 | Orc:2    | Found a staircase to the Elven Halls.
 14457 | Orc:2    | Found Boqynar's Antique Weapon Shop.
 14559 | Orc:2    | Found Sabrocwu's Jewellery Shoppe.
 14580 | Orc:2    | Found Veuzuuz's Antique Weapon Shop.
 14586 | Orc:2    | HP: 4/138 [orc knight/+0 great mace (26)]
 14736 | Orc:2    | Found Qyaveo's Armour Shoppe.
 14737 | Orc:2    | Found Naeschuq's General Store.
 14814 | Orc:2    | Bought a +0 pair of boots of rampaging for 172 gold pieces
 14977 | Orc:2    | Bought a scroll of teleportation for 39 gold pieces
 14977 | Orc:2    | Bought a scroll of summoning for 123 gold pieces
 14977 | Orc:2    | Bought a scroll of enchant armour for 97 gold pieces
 14993 | Elf:1    | Entered Level 1 of the Elven Halls
 15021 | Elf:1    | Found a radiant altar of Vehumet.
 15123 | Elf:1    | Reached skill level 5 in Invocations
 15127 | Elf:1    | Noticed Nikola
 15147 | Elf:1    | Killed Nikola
 15155 | Elf:1    | Reached XP level 15. HP: 145/145 MP: 17/17
 15210 | Elf:1    | Identified the +1 leather armour of Ongoxah {rCorr}
 15232 | Elf:1    | Received a gift from Trog
 15244 | Elf:1    | Reached skill level 17 in Axes
 15333 | Elf:1    | Identified the +6 sling "Iracergh" {vorpal, rElec Will-
                  | Int+3}
 15609 | Elf:1    | Noticed Asterion
 15623 | Elf:1    | HP: 4/120 [Asterion/+1 demon blade of draining (12)]
 15623 | Elf:1    | Killed from afar by a balrug

Illustrated notes

Levels and vault maps discovered:
D:1:      lightli_arrival_chessboard, layout_rooms, serial_shops,
          nicolae_diamond_shop, nicolae_shop_bloodbath_and_beyond, st_stairs_7
D:2:      layout_rooms, basic_altar, dreamdust_ecumenical_altar_statues
D:3:      layout_loops_corners
D:4:      layout_rooms, nemelex_dance_club_becter
D:5:      layout_basic, portal_sewer_entry_b, serial_shops,
          nicolae_shop_temple_entry_statues_fountains, nicolae_stop_n_shop_2,
          chequers_serial_rivers_micro_a, corner_web_ring, uniq_edmund
D:6:      layout_gridville, mainiacjoe_overflow_catch_the_wave,
          lemuel_crystal_altar
D:7:      layout_basic, chequers_temple_overflow_statue_of_worship,
          minmay_temple_entry_sparse_star, uniq_pikel, uniq_menkaure
D:8:      statuecave_lemuel, layout_loops_ring, makhleb_grotto_becter,
          grunt_ministairs_12
D:9:      layout_rooms, orc_0_dummy
D:10:     layout_basic, lair_entry_dummy, grunt_decor_junction, uniq_joseph
Lair:1:   layout_concentric_octagons, beast_lair_carwin_9
Lair:2:   layout_cave_pods, grunt_forest_stairs_clearing, grunt_megastairs_5,
          serial_bayou_shore_a
Lair:3:   layout_concentric_octagons, minmay_shoals_entry_hut,
          guppyfry_snake_entry_island
Lair:4:   layout_cave_shapes
Lair:5:   gammafunk_lair_ancient_temple, layout_loops_ring,
          minmay_slime_entry_oklob_open, ebering_ghost_reflecting_pool,
          disabler_island
Orc:1:    gammafunk_beogh_shrine, layout_caves, portal_ice_cave_entry_imps
Orc:2:    st_orc_elflike, layout_diamond_mine, serial_shops, shop, shop,
          nicolae_shop_crystal
Elf:1:    eino_elf_arrival_altar, layout_loops_ring,
          hangedman_elven_crosses_minicolossus, uniq_asterion, uniq_nikola

Skill      XL: |  1  2  3  4  5  6  7  8  9 10 11 12 13 14 15 |
---------------+----------------------------------------------+-----
Fighting       | 4 5 6 7 8 10 12 13 14 15 16 | 16.9
Axes           | 4 5 6 7 8 10 12 13 14 15 16 17 | 17.0
Armour         | 3 5 8 9 11 12 | 12.8
Dodging        | 3 5 7 9 10 11 | 11.8
Evocations     | 3 5 7 8 9 |  9.5
Invocations    | 2 5 |  5.6
Throwing       | 3 4 |  4.1

Action                   |  1- 3 |  4- 6 |  7- 9 | 10-12 | 13-15 || total
-------------------------+-------+-------+-------+-------+-------++-------
Melee: Hand axe          |    63 |    99 |   286 |   400 |       ||   848
       Headbutt          |    12 |    21 |    60 |   109 |   134 ||   336
       Punch             |       |       |     3 |     9 |       ||    12
       Battleaxe         |       |       |       |    77 |   582 ||   659
Throw: Dart              |       |       |       |     1 |       ||     1
Invok: Berserk           |     1 |       |     3 |     8 |     2 ||    14
       Trog's Hand       |       |       |       |     1 |     9 ||    10
       Brothers in Arms  |       |       |       |       |     3 ||     3
Evoke: Box of beasts     |       |       |       |     1 |       ||     1
       Wand              |       |       |       |       |     7 ||     7
  Use: Scroll            |     8 |     4 |     9 |     9 |    12 ||    42
       Potion            |     1 |       |     2 |       |    10 ||    13
 Stab: Distracted        |     1 |       |       |       |       ||     1
Armor: Animal skin       |    14 |     5 |       |       |       ||    19
       Scale mail        |       |    22 |    85 |   124 |     4 ||   235
       Plate armour      |       |       |       |       |   200 ||   200
       Steam dragon scal |       |       |       |       |    15 ||    15
Dodge: Dodged            |    48 |    43 |   126 |   279 |   428 ||   924
